 Dungeon Crawl Stone Soup version 0.31-a0-95-g6fa058ef04 (webtiles) character file.

Game seed: 16631579121904394375

30 promet the Magician (level 3, -1/21 HPs)
             Began as an Octopode Hedge Wizard on May 25, 2023.
             Killed by nerve-wracking pain
             ... invoked by Jessica
              (13 damage)
             ... on level 2 of the Dungeon.
             The game lasted 00:06:49 (1129 turns).

promet the Magician (Octopode Hedge Wizard)         Turns: 1129, Time: 00:06:50

Health: -1/21      AC:  1    Str:  9    XL:     3   Next: 18%
Magic:  6/8        EV: 13    Int: 18    God:
Gold:   82         SH:  0    Dex: 11    Spells: 3/9 levels left

rFire   . . .        a - +0 short sword (elec)
rCold   . . .        (no shield)
rNeg    . . .        b - +0 hat
rPois   .            (no amulet)
rElec   .            (no ring)
rCorr   .            (no ring)
SInv    .            (no ring)
Will    .....        (no ring)
Stlth   +++          (no ring)
HPRegen 0.23/turn    (no ring)
MPRegen 0.11/turn    (no ring)
                     (no ring)

%: no passive effects
@: no status effects
A: almost no armour, amphibious, 8 rings, camouflage 1, gelatinous body 1,
(nimble swimmer 1), tentacles
a: no special abilities


You were on level 2 of the Dungeon.
You visited 1 branch of the dungeon, and saw 2 of its levels.

You collected 82 gold pieces.

Inventory:

Hand Weapons
 a - a +0 short sword of electrocution (weapon)
Missiles
 d - 52 stones
 j - 5 boomerangs (quivered)
Armour
 b - a +0 hat (worn)
Potions
 c - 2 potions of magic
 g - a potion of curing


   Skills:
 + Level 0.1 Fighting
 + Level 0.1 Short Blades
 + Level 2.1 Dodging
 + Level 3.1 Stealth
 + Level 3.8 Spellcasting
 + Level 1.0 Conjurations
 + Level 1.0 Summonings
 + Level 1.0 Translocations


You had 3 spell levels left.
You knew the following spells:

 Your Spells              Type           Power      Damage    Failure   Level
a - Magic Dart            Conj           28%        1d4       10%         1
b - Slow                  Hex            12%        N/A       16%         1
c - Blink                 Tloc           14%        N/A       16%         2
d - Call Imp              Summ           14%        N/A       16%         2

Your spell library contained the following spells:

 Spells                   Type           Power      Damage    Failure   Level
 Cigotuvi's Dreadful Rot  Necr/Pois/Air  2%         N/A       30%         2
 Mephitic Cloud           Conj/Pois/Air  2%         N/A       45%         3
 Conjure Ball Lightning   Conj/Air       1%         3x3d6     100%        6
 Discord                  Hex            1%         N/A       100%        8
 Disjunction              Tloc           3%         N/A       100%        8


Dungeon Overview and Level Annotations

Branches:
Dungeon (2/15)

Altars:

Annotations:
D:2 Jessica


Innate Abilities, Weirdness & Mutations

You cannot wear most types of armour.
You are amphibious.
You can wear up to eight rings at the same time.
Your skin changes colour to match your surroundings (Stealth+).
Your rubbery body absorbs attacks. (AC +1, EV +1)
((You are camouflaged when in or above water. (Stealth+)))
You have tentacles for arms and can constrict up to eight enemies at once.


Message History

Jessica mumbles some strange words.
Jessica blinks!
Casting: Slow (safe; 16% risk of failure)
Confirm with . or Enter, or press ? or * to list all spells.
A tiny devil pulls itself out of the air.
Jessica is no longer moving slowly.
Jessica gestures at you while chanting. You resist with some effort.
Jessica gestures wildly while chanting.
Jessica blinks!
You swap places.
Really attack while wielding nothing? [Y]es or [N]o only, please.
Really attack while wielding nothing?
Okay, then.
You hear the crackle of electricity.
a - a +0 short sword of electrocution (weapon)
The goblin closely misses you.
You hit the goblin. Your grab misses the goblin.
The goblin is severely wounded.
The goblin closely misses you.
You hit the goblin.
You kill the goblin!
Your cerulean imp hits Jessica from afar with a -4 spear.
Jessica gestures wildly while chanting.
Jessica blinks!
Jessica gestures at you while chanting.
Your cerulean imp resists with almost no effort.
Your cerulean imp misses Jessica.
Things that are here:
a +0 club; a goblin corpse Jessica hits your cerulean imp with a +2 spectral club!
The +2 spectral club hits your cerulean imp.
Your cerulean imp closely misses the +2 spectral club.
A +2 spectral club comes into view.
You swap places.
The +2 spectral club hits you. x2
Jessica casts a spell at you. Pain shoots through your body!
Ouch! That really hurt!
You die...

############# ####
#...........# #...
#.#########.# #.## #)#
#.# #.## #5# ###.###.#.
#@# #.....#.#.
###@(.......###.#.#†
##....###.... #.....
#.....###.#. #.#.#.
#........ #. ...#...
#...S.## # #.###...
##....# #. #...
##...#####.##.####.<
...####.g..........[.....


You could see a +2 spectral club (ally target), an adder, Jessica and a friendly
cerulean imp (summoned).

Vanquished Creatures
  An adder (D:2)
  2 bats (D:1)
  2 endoplasms (D:1)
  A giant cockroach (D:1)
  A hobgoblin (D:1)
  2 ball pythons
  2 frilled lizards (D:1)
  4 goblins
  3 kobolds (D:1)
  3 rats
21 creatures vanquished.

Notes
Turn   | Place    | Note
-------+----------+-------------------------------------------
     0 | D:1      | promet the Octopode Hedge Wizard began the quest for the
                  | Orb.
     0 | D:1      | Reached XP level 1. HP: 11/11 MP: 4/4
   154 | D:1      | Reached XP level 2. HP: 17/17 MP: 6/6
   161 | D:1      | Learned a level 1 spell: Slow
   164 | D:1      | Learned a level 2 spell: Blink
   167 | D:1      | Learned a level 2 spell: Call Imp
   987 | D:2      | Noticed Jessica
  1067 | D:2      | Reached XP level 3. HP: 21/21 MP: 8/8
  1129 | D:2      | Killed from afar by Jessica

Illustrated notes

Levels and vault maps discovered:
D:1:      minmay_arrival_shattered_statue, layout_basic, minmay_misc_feat_doors,
          kennysheep_boxes
D:2:      cheibrodos_fertilizer, layout_loops_ring,
          hellmonk_ecumenical_altar_pennies_from_heaven, uniq_terence,
          uniq_sigmund, uniq_jessica

Skill      XL: |  1  2 |
---------------+-------+-----
Stealth        | 3 |  3.1
Fighting       | |  0.1
Short Blades   | |  0.1
Dodging        | |  2.1
Spellcasting   | |  3.8
Conjurations   | |  1.0
Summonings     | |  1.0
Translocations | |  1.0

Action                     || total
---------------------------++-------
  Melee: Dagger            ||    34
         Constrict         ||     8
         Tentacles         ||     3
         Short sword       ||     2
   Cast: Magic Dart        ||     4
         Slow              ||     2
         Blink             ||     1
         Call Imp          ||     1
    Use: Scroll            ||     5
   Stab: Sleeping          ||     8
 Armour: Skin              ||     1
  Dodge: Dodged            ||    25

Table legend: (Time is in decaauts)
 A = Elapsed time spent in this place.
 B = Non-inter-level travel time spent in this place.
 C = Inter-level travel time spent in this place.
 D = Time resting spent in this place.
 E = Time spent auto-exploring this place.
 F = Levels seen in this place.
 G = Mean time per level.
                   A        B        C        D        E       F      G
               +--------+--------+--------+--------+--------+-----+--------+
         Total |   1128 |   1037 |     91 |     55 |    304 |   2 |  564.0 |
       Dungeon |   1128 |   1037 |     91 |     55 |    304 |   2 |  564.0 |
               +--------+--------+--------+--------+--------+-----+--------+

Top non-repeatable levels by time:
     D:1: 1039 daAuts
     D:2: 89 daAuts
